 Dungeon Crawl Stone Soup version 0.17.0-24-gcfadda4 (console) character file.

23290 gw the Basher (level 12, 110/110 (111) HPs)
             Began as a Deep Dwarf Fighter on Nov 17, 2015.
             Was the Champion of Makhleb.
             Quit the game on level 4 of the Lair of Beasts.
             The game lasted 00:27:52 (13591 turns).

gw the Basher (Deep Dwarf Fighter)                 Turns: 13591, Time: 00:27:52

HP:   110/110 (111) AC: 32    Str: 21    XL:     12   Next: 70%
MP:   11/11         EV:  5    Int:  9    God:    Makhleb [******]
Gold: 786           SH: 12    Dex: 18    Spells: 0 memorised, 11 levels left

rFire  . . .     SeeInvis .     b - +0 eveningstar
rCold  . . .     Clarity  .     x - +0 plate armour
rNeg   . . .     SustAt   .     c - +0 shield
rPois  .         Gourm    .     (no helmet)
rElec  .         Spirit   .     a - +0 cloak
rCorr  .         Warding  .     g - +1 pair of gloves
rMut   .         Stasis   .     D - +2 pair of boots
MR     +....                    (no amulet)
Stlth  ..........               y - +5 ring of protection
                                r - +5 ring of protection

@: non-regenerating, somewhat resistant to hostile enchantments, extremely
unstealthy
A: damage resistance, recharge devices, agile 1, sense surroundings 2, slow
regeneration 3
a: Device Recharging, Minor Destruction, Lesser Servant of Makhleb, Major
Destruction, Greater Servant of Makhleb, Renounce Religion


You were on level 4 of the Lair of Beasts.
You worshipped Makhleb.
Makhleb was exalted by your worship.
You were not hungry.

You visited 3 branches of the dungeon, and saw 16 of its levels.

You collected 786 gold pieces.

Inventory:

Hand Weapons
 b - a +0 eveningstar (weapon)
Missiles
 j - 129 poisoned needles
 n - 431 stones (quivered)
 w - 7 curare-tipped needles
Armour
 a - a +0 cloak (worn)
 c - a +0 shield (worn)
 g - a +1 pair of gloves (worn)
 x - a +0 plate armour (worn)
 D - a +2 pair of boots (worn)
Jewellery
 r - a +5 ring of protection (left hand)
 y - a +5 ring of protection (right hand)
Wands
 e - a wand of heal wounds (2)
 s - a wand of flame (14)
 v - a wand of hasting (5)
 z - a wand of lightning (10)
 A - a wand of polymorph (16)
 C - a wand of digging (10)
 E - a wand of slowing (17)
 F - a wand of enslavement (0)
 G - a wand of frost (25)
 J - a wand of fireball (7)
Scrolls
 i - 10 scrolls of identify
 k - 6 scrolls of teleportation
 o - 2 scrolls of blinking
 u - 3 scrolls of remove curse
Potions
 d - 3 potions of might
 m - a potion of haste
 p - 4 potions of curing
 t - 2 potions of resistance
 H - a potion of heal wounds
Comestibles
 f - 10 bread rations
 h - 12 meat rations
 l - 12 slices of pizza
 q - 5 fruits
 B - 9 beef jerkies


   Skills:
 + Level 8.2 Fighting
 * Level 11.7 Maces & Flails
 + Level 7.3 Throwing
 + Level 10.2 Armour
 + Level 9.5 Shields
 + Level 9.5 Invocations
 - Level 1.5 Evocations


You had 11 spell levels left.
You didn't know any spells.

Dungeon Overview and Level Annotations

Branches:
Dungeon (11/15)            Temple (1/1) D:6            Lair (4/8) D:9
 Shoals (0/4) Lair:3       Spider (0/4) Lair:4          Orc (0/4) D:11

Altars:
Ashenzari
Cheibriados
Dithmenos
Elyvilon
Fedhas
Gozag
Kikubaaqudgha
Makhleb
Nemelex Xobeh
Okawaru
Qazlal
Ru
Sif Muna
Trog
Vehumet
Xom
Yredelemnul
Zin
The Shining One

Shops:
D:10 *

Annotations:
D:5 1 runed door


Innate Abilities, Weirdness & Mutations

You are resistant to damage.
You can recharge devices by infusing magical energy.
You passively map the area around you.
You do not regenerate naturally.
You are agile. (Dex +2)


Message History

ATTACK MOVE TO (1,0) ATTACK MOVE TO (1,0) ATTACK MOVE TO (1,0) ATTACK MOVE TO (1,0) ATTACK MOVE TO (1,0) ATTACK MOVE TO (1,0) ATTACK MOVE TO (1,0) ATTACK MOVE TO (1,0) ATTACK MOVE TO (1,0) ATTACK MOVE TO (1,0) ATTACK MOVE TO (1,0) ATTACK MOVE TO (1,0) ATTACK MOVE TO (1,0) ATTACK MOVE TO (1,0) ATTACK MOVE TO (1,0) ATTACK MOVE TO (1,0) ATTACK MOVE TO (1,0) ATTACK MOVE TO (1,0) Infinite lua loop detected, aborting.
Are you sure you want to abandon this character and quit the game? (Confirm with "yes".)

##.##................ *
####....................
*
##.....^.##..............
**
#...^.#######............
, *,
###..######.##....#......
, ,
#.#..^......#.P.#.......
, *
#.....#.~~+######.......
#.^....^~¤s.# #....... ,
*#.....^g*.>## #....... ,
*#......~~(.# #....... ,
< #..#...~~~+# ##...... ,
#.#^.#...... ##..... * ,
,**##..###....## ##.....
, ##.,,###### #...... ,##
###..... ,, ,, * #.......
, , , , , #.......


You could see an orb spider.

Table legend:
 A = Turns spent in this place as a percentage of turns spent in the entire game.
 B = Non-inter-level travel turns spent in this place as a percentage of non-inter-level travel turns spent in the entire game.
 C = Inter-level travel turns spent in this place as a percentage of turns spent in this place.
 D = Turns resting spent in this place as a percentage of non-inter-level travel turns spent in this place.
 E = Turns spent auto-exploring this place as a percentage of non-inter-level travel turns spent in this place.
 F = Non-inter-level travel turns spent in this place divided by the number of levels of this place that you've seen.
                   A       B       C       D       E      F
               +-------+-------+-------+-------+-------+----------------------
         Total | 100.0 | 100.0 |   0.4 |   0.0 |   1.6 | 2091.6
       Dungeon |  69.6 |  69.6 |   0.4 |   0.0 |   1.8 | 2117.5
        Temple |   0.3 |   0.3 |   0.9 |   0.0 |   4.5 | 111.0
          Lair |  30.1 |  30.1 |   0.3 |   0.0 |   1.0 | 2515.8
               +-------+-------+-------+-------+-------+----------------------

Table legend:
 A = Kills in this place as a percentage of kills in entire the game.
 B = Kills by you in this place as a percentage of kills by you in the entire game.
 C = Kills by friends in this place as a percentage of kills by friends in the entire game.
 D = Other kills in this place as a percentage of other kills in the entire game.
 E = Experience gained in this place as a percentage of experience gained in the entire game.
 F = Experience gained in this place divided by the number of levels of this place that you have seen.
                   A       B       C       D       E      F
               +-------+-------+-------+-------+-------+----------------------
         Total | 100.0 | 100.0 | 100.0 | 100.0 | 100.0 | 2079.5
       Dungeon |  82.3 |  82.2 | 100.0 | 100.0 |  62.3 | 1884.4
          Lair |  17.7 |  17.8 |   0.0 |   0.0 |  37.7 | 3136.0
               +-------+-------+-------+-------+-------+----------------------

Vanquished Creatures
  A hydra (D:8)
  The ghost of TwistedFlax the Fighter, a novice GrBe of Trog (D:9)
  3 unseen horrors
  A hill giant (D:11)
  A manticore (Lair:3)
  A griffon (Lair:3)
  2 black mambas (Lair:1)
  A cyclops (D:10)
  2 spiny frogs
  2 komodo dragons
  2 trolls
  4 blink frogs (Lair:1)
  A wyvern (D:10)
  A human (D:8)
  34 yaks
  A basilisk (Lair:3)
  A hog (D:8)
  A vampire mosquito (D:11)
  The ghost of gw the Insei, an amateur DsMo (D:4)
  7 wolves
  4 hippogriffs
  A hungry ghost (D:10)
  2 insubstantial wisps (D:11)
  A porcupine (Lair:2)
  A swamp drake (D:11)
  A sky beast (D:9)
  6 water moccasins
  2 black bears
  A wasp (D:10)
  6 orc warriors
  7 ice beasts
  A phantom (D:4)
  3 ogres
  6 necrophages (Lair:3)
  8 centaurs
  5 crocodiles
  2 big kobolds
  9 giant frogs
  A gnoll sergeant (D:10)
  12 killer bees
  12 scorpions
  6 wights
  The ghost of gw the Grave Robber, a weakling DsNe (D:3)
  A giant frog zombie (D:7)
  7 crimson imps
  4 orc priests
  A centaur zombie (D:8)
  5 iguanas
  5 centaur skeletons
  5 hounds
  2 jellies (D:10)
  6 orc wizards
  Natasha (thrice) (D:2 D:4)
  A human skeleton (D:5)
  8 worker ants
  9 sheep
  A killer bee zombie (D:9)
  A hound zombie (D:8)
  A worker ant zombie (D:9)
  14 adders
  13 gnolls
  4 shadow imps
  An ooze (D:3)
  5 worms
  2 adder skeletons (D:4)
  5 giant geckos
  34 orcs
  A ball python (D:3)
  A giant cockroach (D:2)
  4 goblins
  4 hobgoblins
  11 kobolds
  15 bats
  6 giant newts
  15 jackals
  A jackal zombie (D:8)
  2 quokkas
  7 rats
371 creatures vanquished.

Vanquished Creatures (collateral kills)
  A kobold (D:9)
1 creature vanquished.

Vanquished Creatures (others)
  A vampire mosquito (D:11)
  An ogre (D:4)
  A worker ant (D:4)
  2 orcs (D:11)
  A fungus (D:4)
6 creatures vanquished.

Grand Total: 378 creatures vanquished

Notes
Turn   | Place    | Note
--------------------------------------------------------------
     0 | D:1      | gw the Deep Dwarf Fighter began the quest for the Orb.
     0 | D:1      | Reached XP level 1. HP: 20/20 MP: 1/1
   192 | D:1      | Reached skill level 1 in Evocations
   221 | D:1      | Reached XP level 2. HP: 13/27 MP: 1/3
  1021 | D:2      | Reached XP level 3. HP: 33/33 MP: 4/4
  1069 | D:2      | Reached skill level 1 in Throwing
  1111 | D:2      | Reached XP level 4. HP: 27/40 MP: 5/5
  1406 | D:2      | Noticed Natasha
  1418 | D:2      | Killed Natasha
  1617 | D:2      | Reached skill level 4 in Armour
  1648 | D:2      | Reached XP level 5. HP: 36/49 MP: 6/6
  1766 | D:2      | Found a shimmering altar of Xom.
  1935 | D:3      | Noticed gw's ghost (weakling DsNe)
  1988 | D:3      | Killed gw's ghost
  2767 | D:4      | Found a radiant altar of Vehumet.
  2781 | D:4      | Noticed Natasha
  2783 | D:4      | Killed Natasha
  2834 | D:4      | Reached XP level 6. HP: 32/56 MP: 6/6
  3004 | D:4      | Reached XP level 7. HP: 44/63 MP: 7/7
  3126 | D:4      | Reached skill level 5 in Maces & Flails
  3228 | D:4      | Noticed gw's ghost (amateur DsMo)
  3240 | D:4      | Killed gw's ghost
  3240 | D:4      | Reached skill level 5 in Armour
  3240 | D:4      | Reached skill level 5 in Shields
  3253 | D:4      | Noticed Natasha
  3253 | D:4      | Killed an ogre
  3257 | D:4      | Killed Natasha
  3285 | D:4      | Noticed a phantom
  3338 | D:4      | Killed a phantom
  3396 | D:4      | Reached XP level 8. HP: 47/72 MP: 7/7
  3607 | D:5      | Entered Level 5 of the Dungeon
  3708 | D:5      | Reached skill level 6 in Maces & Flails
  4002 | D:5      | Found a runed door.
  4008 | D:5      | Found a basalt altar of Yredelemnul.
  4277 | D:6      | Found a staircase to the Ecumenical Temple.
  4286 | Temple   | Entered the Ecumenical Temple
  4290 | Temple   | Became a worshipper of Makhleb the Destroyer
  4415 | D:7      | Reached skill level 1 in Invocations
  4576 | D:7      | Reached * piety under Makhleb
  4576 | D:7      | Reached skill level 7 in Maces & Flails
  4630 | D:7      | Gained mutation: You passively map the area around you. [Deep Dwarf growth]
  4630 | D:7      | Reached XP level 9. HP: 61/80 MP: 7/7
  4644 | D:7      | Found a glowing golden altar of the Shining One.
  4848 | D:7      | Reached skill level 5 in Fighting
  5247 | D:8      | Noticed a six-headed hydra
  5266 | D:8      | Killed a six-headed hydra
  5342 | D:8      | Reached skill level 8 in Maces & Flails
  5442 | D:8      | Reached ** piety under Makhleb
  5989 | D:8      | Reached XP level 10. HP: 64/91 MP: 9/9
  6401 | D:9      | Reached skill level 5 in Invocations
  6478 | D:9      | Reached skill level 5 in Throwing
  6593 | D:9      | Noticed TwistedFlax's ghost (novice GrBe)
  6695 | D:9      | Killed TwistedFlax's ghost
  6765 | D:9      | Reached *** piety under Makhleb
  6887 | D:9      | Reached skill level 9 in Maces & Flails
  6911 | D:9      | Found a staircase to the Lair.
  7137 | D:9      | Found a deep blue altar of Sif Muna.
  7192 | D:9      | Found a glowing silver altar of Zin.
  7193 | D:9      | Found a shadowy altar of Dithmenos.
  7193 | D:9      | Found a snail-covered altar of Cheibriados.
  7510 | D:9      | Found a shattered altar of Ashenzari.
  7583 | D:10     | Entered Level 10 of the Dungeon
  7592 | D:10     | Found Tijexown's Off-Brand Ammunition.
  7868 | D:10     | Noticed a cyclops
  7875 | D:10     | Killed a cyclops
  7952 | D:10     | Reached **** piety under Makhleb
  8150 | D:10     | Reached XP level 11. HP: 99/99 MP: 10/10
  8933 | D:10     | Killed an unseen horror
  9183 | D:10     | Gained mutation: You are agile. (Dex +2) [potion of beneficial mutation]
  9360 | D:11     | Reached ***** piety under Makhleb
  9374 | D:11     | Reached skill level 10 in Maces & Flails
  9592 | D:11     | Killed an unseen horror
  9683 | D:11     | Noticed a hill giant
  9699 | D:11     | Killed a hill giant
  9738 | D:11     | Killed an unseen horror
 10183 | D:11     | Found a staircase to the Orcish Mines.
 10602 | Lair:1   | Entered Level 1 of the Lair of Beasts
 10808 | Lair:1   | Reached XP level 12. HP: 94/109 MP: 10/10
 11661 | Lair:2   | Reached skill level 11 in Maces & Flails
 12694 | Lair:3   | Reached ****** piety under Makhleb
 12841 | Lair:3   | Found a staircase to the Shoals.
 12856 | Lair:3   | Reached skill level 10 in Armour
 13581 | Lair:4   | Found a hole to the Spider Nest.
 13591 | Lair:4   | Quit the game

Action                   |  1- 3 |  4- 6 |  7- 9 | 10-12 || total
-------------------------+-------+-------+-------+-------++-------
Melee: Flail             |   101 |   206 |       |       ||   307
       Eveningstar       |       |    27 |   419 |  1389 ||  1835
Throw: Stone             |    14 |    44 |    46 |   218 ||   322
       Javelin           |       |    50 |    61 |       ||   111
       Tomahawk          |       |       |       |    47 ||    47
 Abil: Device Recharging |       |     1 |     3 |     4 ||     8
Evoke: Wand              |     2 |     7 |    13 |    27 ||    49
  Use: Scroll            |     3 |     5 |     5 |     7 ||    20
       Potion            |     3 |     3 |     1 |     8 ||    15
  Eat: Chunk             |     1 |     7 |    10 |    25 ||    43
       Bread ration      |       |       |       |     1 ||     1

Vault maps used:
D:1:      dpeg_arrival_pits, serial_forest, infiniplex_forest_clump_cross,
          infiniplex_forest_split, infiniplex_forest_straight_4,
          infiniplex_forest_clump_C, infiniplex_forest_clump_curved,
          infiniplex_forest_side_room, infiniplex_forest_zigzag_2,
          infiniplex_forest_end_1, infiniplex_forest_zigzag_2
D:2:      first_bread, lemuel_statue_altar, uniq_natasha
D:3:      serial_park_tiny_1
D:4:      old_forge, fiery_altar_vehumet, serial_park_tiny_1
D:5:      dk_yredelemnul_ordeal
D:6:      minmay_temple_entry_overgrown, uniq_prince_ribbit1
D:7:      lemuel_crystal_altar
D:8:      grunt_livestock
D:9:      marbit_many_paths, minitemple, led_sif_pool, lair_0_dummy, st_stairs_3
D:10:     nicolae_offbrand_ammo
D:11:     erik_orc_1, minivault_11, pond
Temple:   zaba_magenta_temple_12
Lair:1:   grunt_megastairs_2, serial_bayou_shore_a
Lair:3:   minmay_shoals_entry_beasts, roderic_carrion_pond,
          infiniplex_staircase_pool_2
Lair:4:   nicolae_spider_entry_orb_guardian, infiniplex_staircase_pool,
          uniq_rupert
